AoeStats
← Iguano Pop

Arabia

505407521Analyzed
1v1 RM · 23d ago on Sep 9, 2026· 46m 50s· 2 players
Game mode
Random Map
Map size
Tiny (2 player)
Population
200
Speed
Normal
Resources
Standard
Victory
Conquest
Starting age
Dark Age
Ending age
Imperial Age
RankedLock teamsTeams togetherTeam positionsShared explorationLock speedFull tech treeHidden civsTurbo modeCheats
Victory
Defeat
🇦🇺 Persians · Australia
1268
+17
🇲🇽 Chinese · Mexico
1280
-17
Ryuk
8:49 Loom
10:43 Feudal Age
14:42 Castle Age
12:30 Horse Collar
14:16 Bloodlines
14:05 Double-Bit Axe
23:08 Bow Saw
30:59 Wheelbarrow
32:12 Husbandry
32:20 Scale Barding Armor
32:26 Heavy Plow
33:24 Light Cavalry
39:32 Imperial Age
39:42 Town Watch
41:13 Chemistry
41:10 Conscription
43:34 Padded Archer Armor
43:55 Chain Barding Armor
44:07 Cavalier
45:13 Savar
Iguano Pop
0:27 Loom
9:47 Feudal Age
10:48 Double-Bit Axe
16:07 Town Watch
16:15 Fletching
24:19 Forging
26:45 Castle Age
25:03 Bloodlines
25:06 Scale Barding Armor
25:46 Gold Mining
25:38 Horse Collar
28:17 Light Cavalry
30:06 Heavy Plow
31:05 Sanctity
30:59 Fervor
32:13 Chain Barding Armor
33:47 Wheelbarrow
33:36 Husbandry
33:28 Pikeman
40:16 Imperial Age
38:12 Hand Cart
39:28 Gold Shaft Mining
39:51 Stone Mining
40:48 Masonry
42:03 Chemistry
42:02 Bodkin Arrow
43:01 Architecture
43:38 Murder Holes
44:33 Block Printing
45:14 Stone Shaft Mining
45:16 Bracer
45:54 Conscription
45:56 Ballistics
Connection lost

Rejoining the realm…

Still unreachable

The connection could not be restored.

Session expired

The server has moved on; the page needs a fresh start.